 Dungeon Crawl Stone Soup version 0.25-a0-410-g53dbb631d1 (webtiles) character file.

Game seed: 5231350618420443485, levelgen mode: deterministic

632 DerDa the Skirmisher (level 7, -4/45 HPs)
             Began as a Gargoyle Berserker on Jan 13, 2020.
             Was a Priest of Trog.
             Killed by divine providence
             ... invoked by an orc priest
              (14 damage)
             ... on level 4 of the Dungeon.
             The game lasted 00:06:49 (2996 turns).

DerDa the Skirmisher (Gargoyle Berserker)           Turns: 2996, Time: 00:06:50

Health: -4/45      AC: 11    Str: 23    XL:     7   Next: 49%
Magic:  7/7        EV: 11    Int:  7    God:    Trog [***...]
Gold:   189        SH:  0    Dex:  9    Spells: 6/6 levels left

rFire    + . .     SeeInvis .   a - +0 mace
rCold    . . .     Gourm    .   (no shield)
rNeg     + . .     Faith    .   o - +0 scale mail
rPois    ∞         Spirit   .   (no helmet)
rElec    +         Reflect  .   (no cloak)
rCorr    .         Harm     .   (no gloves)
MR       .....                  (no boots)
Stlth    ..........             (no amulet)
HPRegen  0.15/turn              s - ring of protection from fire
MPRegen  0.10/turn              (no ring)

@: no status effects
A: negative energy resistance 1, electricity resistance, unbreathing,
petrification resistance, rot immunity, AC +4
a: Berserk, Trog's Hand, Renounce Religion


You were on level 4 of the Dungeon.
You worshipped Trog.
Trog was most pleased with you.
You were not hungry.

You visited 1 branch of the dungeon, and saw 4 of its levels.

You collected 189 gold pieces.

Inventory:

Hand Weapons
 a - a +0 mace (weapon)
 k - a +1 hunting sling of flaming
Missiles
 l - 132 stones (quivered)
 m - 34 sling bullets
 r - 67 bolts
Armour
 b - a +0 animal skin
 o - a +0 scale mail (worn)
Jewellery
 d - a cursed ring of attention {unknown}
 s - a ring of protection from fire (left hand)
Scrolls
 f - 5 scrolls of identify {unknown}
 g - a scroll of enchant weapon {unknown}
 h - a scroll of remove curse {unknown}
 j - 4 scrolls of amnesia {unknown}
 p - 2 scrolls of enchant armour {unknown}
 q - 2 scrolls of teleportation {unknown}
 u - 3 scrolls of immolation {unknown}
 v - a scroll of fog {unknown}
Potions
 e - a potion of lignification {unknown}
 i - a potion of agility {unknown}
 n - a potion of brilliance {unknown}
 t - a potion of invisibility {unknown}
 w - a potion of mutation {unknown}
Comestibles
 c - 6 rations
 x - a chunk of flesh


   Skills:
 * Level 5.9 Fighting
 + Level 4.4 Maces & Flails
 + Level 4.0 Armour
 * Level 4.0 Dodging


You had 6 spell levels left.
You didn't know any spells.
Your spell library was empty.

Dungeon Overview and Level Annotations

Branches:
Dungeon (4/15)
 Temple: D:4-7

Altars:
Fedhas
Makhleb
Qazlal
Wu Jian


Innate Abilities, Weirdness & Mutations

You are resistant to torment.
Your stone body is resilient. (AC +4)
You are immune to poison.
You resist negative energy. (rN+)
You are resistant to electric shocks. (rElec)
You can survive without breathing.
You are immune to petrification.
You are immune to rotting.


Message History

An orc comes into view. It is wielding a +0 falchion.
The orc shouts!
The orc moves out of view.
The orc wizard casts a spell at you. The puff of frost hits you!
An orc priest comes into view. It is wielding a +0 whip.
The orc priest shouts!
The orc wizard hits you but does no damage.
You closely miss the orc wizard.
The orc priest begins to cast a cantrip, but forgets the words!
You barely miss the orc. The orc barely misses you.
The orc wizard casts a spell at you. The magic dart hits you!
You recover from your berserk rage.
The orc priest calls down the wrath of Beogh upon you.
Beogh smites you!
* * * LOW HITPOINT WARNING * * *
The orc priest mumbles some strange prayers to Beogh against you.
Beogh smites you!
You die...

##.##.###........#..#..##..#
..#......###.....÷....#......#
......>.#.............##........#
.............#.).................
..###.#...o..###.>...###.........
. ###.%..#.###.......#.).......
#....#.o###................
#..#...#..o.#.#######........
#..#........@...#####.....##.
..........#..##....##......##. ..
..........###<...#..##..###
....##.....#.....#...###..## ...
#.....##....#...###..#. ..
#................###.##
###..##........#......##
#....##....#...##......#
#..<....##...##....#..


You could see an orc priest, an orc wizard and an orc.

Vanquished Creatures
  Grinder (D:4)
  Sigmund (D:4)
  A hound (D:4)
  An orc priest (D:3)
  Jessica (D:3)
  A worker ant (D:2)
  3 gnolls (D:3)
  5 adders
  3 worms (D:2)
  A dart slug (D:1)
  3 leopard geckos
  6 orcs
  5 bats
  8 giant cockroaches
  5 goblins
  8 hobgoblins
  2 jackals (D:2)
  A quokka (D:2)
  A ball python (D:1)
  4 frilled lizards
  5 kobolds
  2 quokka skeletons (D:4)
  12 rats
80 creatures vanquished.

Notes
Turn   | Place    | Note
-------+----------+-------------------------------------------
     0 | D:1      | DerDa the Gargoyle Berserker began the quest for the Orb.
     0 | D:1      | Reached XP level 1. HP: 14/14 MP: 1/1
   313 | D:1      | Reached XP level 2. HP: 14/19 MP: 2/2
   648 | D:1      | Reached XP level 3. HP: 23/24 MP: 3/3
   958 | D:2      | Found a blossoming altar of Fedhas.
   962 | D:2      | Found a stormy altar of Qazlal.
  1156 | D:2      | Reached ** piety under Trog
  1221 | D:2      | Reached skill level 4 in Fighting
  1304 | D:2      | Found a faded altar of an unknown god.
  1338 | D:2      | Reached XP level 4. HP: 28/29 MP: 4/4
  1945 | D:3      | Reached XP level 5. HP: 32/34 MP: 5/5
  2337 | D:3      | Noticed Jessica
  2344 | D:3      | Killed Jessica
  2370 | D:3      | Reached *** piety under Trog
  2393 | D:3      | Reached XP level 6. HP: 15/40 MP: 6/6
  2631 | D:3      | Found an ornate altar of the Wu Jian Council.
  2792 | D:4      | Found a burning altar of Makhleb.
  2817 | D:4      | Reached skill level 5 in Fighting
  2836 | D:4      | Noticed Grinder
  2852 | D:4      | Killed Grinder
  2852 | D:4      | Reached XP level 7. HP: 38/44 MP: 7/7
  2929 | D:4      | Noticed Sigmund
  2945 | D:4      | Killed Sigmund
  2996 | D:4      | Killed from afar by an orc priest

Levels and vault maps discovered:
D:1:      wander_arrival_desolate, layout_loops_ring, minmay_liquid_box,
          minmay_cupped
D:2:      layout_basic, grunt_temple_overflow_forces_of_nature,
          chequers_ecumenical_altar_simple_redux
D:3:      layout_basic, overflow_temple_1_default, uniq_jessica
D:4:      layout_cave_pools, ebering_ghost_inner_flame,
          makhleb_heckhound_becter, uniq_grinder, uniq_sigmund

Skill      XL: |  1  2  3  4  5  6  7 |
---------------+----------------------+-----
Dodging        | 2 3 4 |  4.0
Fighting       | 4 5 |  5.9
Armour         | 3 4 |  4.0
Maces & Flails | 4 |  4.4

Action                   |  1- 3 |  4- 6 |  7- 9 || total
-------------------------+-------+-------+-------++-------
Melee: Mace              |   145 |   216 |    23 ||   384
Invok: Berserk           |       |     1 |     1 ||     2
  Eat: Chunk             |     2 |     5 |     2 ||     9
Armor: Animal skin       |    20 |       |       ||    20
       Scale mail        |    51 |   156 |    12 ||   219
Dodge: Dodged            |   106 |   207 |     8 ||   321

Table legend:
 A = Non-vault XP
 B = Vault XP
 C = Vault XP percentage of total XP
 D = Non-vault monster count
 E = Vault monster count
 F = Vault count percentage of total count
                 A         B        C        D         E       F
            +---------+---------+-------+---------+---------+-------
      Total |     307 |     597 |  66.0 |      72 |       8 |  10.0
            +---------+---------+-------+---------+---------+-------
        D:1 |      32 |       5 |  13.5 |      19 |       4 |  17.4
        D:2 |     128 |       0 |   0.0 |      31 |       0 |   0.0
        D:3 |     124 |      37 |  23.0 |      16 |       1 |   5.9
        D:4 |      23 |     555 |  96.0 |       6 |       3 |  33.3
            +---------+---------+-------+---------+---------+-------
